← All builds
Tech / Armada / Economy first / OBSERVED BUILD

Standard tech

Armada Tech (Eco) build order · Supreme Isthmus

Rushes T2 by 4:15, gets Advanced Metal Extractor around 5:28, hands off T2 constructors to Geo and the team, then scales eco and supplies the team's T2 needs through the rest of the game.

Usually first T2 con to Geo (83%)

#eco #t2 #team support · 1574 distinct matches · 255 players · 58% of Armada Tech games · team won 53% of 1868 · Recently observed

HOW TO PLAY IT

Key timing: T2 factory by 4:15

  1. Open 3 mex and heavy wind to fund a fast T2 rush.
  2. Put down Bot Lab, planning to eat it for reclaim soon after.
  3. Get Advanced Bot Lab up, hitting the T2 factory rush timing.
  4. Upgrade mex to Advanced Metal Extractor to lock in team metal income.
  5. Eat Advanced Bot Lab and keep sending cons to Geo and Pond.

Phase by phase

TYPICAL OF ITS 1574 GAMES
  1. 1
  2. 2
  3. 3
  4. 4
PLAY THE OPENING

Follow the example game's first 6:00 step by step: what to build now, what comes next, and where it goes. At 1× it keeps pace with your own game.

  1. 1

    Up to the Bot Lab

    Economy
    • Metal Extractor3Mex
    • Wind Turbine4Wind
    Order
    1. Bot LabBot Lab after 3 mex, 4 winddone ~1:18, middle half 1:13–1:32

    Some games also: energy storage (31%)

    By 1:01 in all: 3 mex · 4 wind

    The example game in this phase · 3 steps
    1. Mex ×3
    2. Wind ×4
    3. Bot LabBot Labdone 1:19 · typical 1:18
  2. 2

    Bot Lab to Advanced Bot Lab

    Economy
    • Metal Extractor1Mex
    • Wind Turbine8Wind
    • Energy Storage1Energy storage
    Order
    1. Advanced Bot LabAdvanced Bot Lab after 4 mex, 12 wind, 3 con turretdone ~4:16, middle half 4:04–4:30
    Builders
    • Construction Turret3 Con turret
    • Lazarus3 Lazarus
    • Construction Bot2 Con bot
    • Construction Bot1 Con bot for allies

    Some games also: converter (36%)

    By 3:18 in all: 4 mex · 12 wind · 1 energy storage · 3 con turret

    The example game in this phase · 13 steps
    1. LazarusLazarus
    2. Wind ×2
    3. Construction BotCon botfor Air
    4. LazarusLazarus
    5. Wind
    6. Construction BotCon bot ×2
    7. Wind ×2
    8. Energy storage
    9. Mex
    10. Con turret
    11. Wind ×2
    12. Con turret
    13. Advanced Bot LabAdvanced Bot Labdone 4:17 · typical 4:16
  3. 3

    Advanced Bot Lab to 5:00

    Economy
    • Wind Turbine3Wind
    Order
    1. Bot LabEat Bot Lab
    Builders
    • Advanced Construction Bot1 T2 con bot for allies

    Some games also: converter (35%)

    By 5:00 in all: 4 mex · 15 wind · 1 converter · 1 energy storage · 3 con turret

    The example game in this phase · 4 steps
    1. Bot LabEat Bot Labreclaimed for its metal
    2. Advanced Construction BotT2 con botfor Geo
    3. SharpshooterSniper botfor Ponddone 4:55
    4. Advanced Metal ExtractorT2 mexdone 5:25 · typical 5:29
  4. 4

    5:00 to 10:00

    Economy
    • Wind Turbine43Wind
    • Energy Converter6Converter
    Builders
    • Butler9 Butler
    • Advanced Construction Bot4 T2 con bot for allies
    • Advanced Construction Bot1 T2 con bot

    Some games also: con turret (43%) · Butler for allies (37%)

    By 10:00 in all: 4 mex · 58 wind · 8 converter · 1 energy storage · 3 con turret

    The example game in this phase · 147 steps
    1. Advanced Construction BotT2 con bot ×2for Geo sea
    2. Advanced Metal ExtractorT2 mex ×3
    3. SharpshooterSniper botfor Pond
    4. Wind ×2
    5. SmugglerJammer botfor Pond
    6. Wind ×4
    7. Advanced Construction BotT2 con botfor Beach sea
    8. Wind
    9. Advanced Construction BotT2 con botfor Pond
    10. Wind ×2
    11. ButlerButler
    12. Wind ×2
    13. ButlerButler
    14. Wind
    15. ButlerButler
    16. Wind
    17. ButlerButler
    18. Wind ×2
    19. ButlerButler
    20. Wind ×2
    21. ButlerButler
    22. Wind ×2
    23. ButlerButler
    24. Wind ×4
    25. ButlerButler
    26. Wind ×3
    27. ButlerButler
    28. Wind ×5
    29. ButlerButler
    30. Wind ×3
    31. ButlerButler
    32. Wind ×5
    33. Converter
    34. ButlerButler
    35. Wind ×3
    36. ButlerButler
    37. Wind
    38. UmbrellaAnti-nukedone 11:51
    39. Converter
    40. Wind ×4
    41. Converter
    42. Wind ×4
    43. Converter
    44. Wind ×4
    45. Converter
    46. Wind ×7
    47. Converter
    48. Wind ×3
    49. Converter
    50. Wind
    51. ButlerButler
    52. Wind ×2
    53. Converter
    54. Wind ×2
    55. ButlerButler
    56. Converter
    57. Wind ×5
    58. Converter
    59. Wind
    60. ButlerButler
    61. Wind ×4
    62. Converter
    63. Wind ×5
    64. ButlerButler
    65. Converter
    66. Wind ×4
    67. Converter
    68. Wind ×2
    69. ButlerButler
    70. Wind
    71. Metal storage
    72. Wind ×2
    73. Converter
    74. Wind ×4
    75. Converter
    76. Wind ×2
    77. Converter
    78. Wind ×3
    79. ButlerButler
    80. Wind
    81. Converter ×2
    82. Wind ×5
    83. Converter
    84. Wind
    85. Converter
    86. Wind ×4
    87. Converter
    88. Wind ×2
    89. Converter
    90. Wind ×2
    91. Advanced Construction BotT2 con bot
    92. Wind ×3
    93. Converter
    94. Wind
    95. Converter
    96. Wind ×6
    97. Converter ×2
    98. Wind ×7
    99. Converter ×2
    100. Wind ×3
    101. FerretFerret
    102. Wind ×3
    103. Converter
    104. Wind
    105. Converter
    106. Wind ×5
    107. Converter ×2
    108. Wind ×5
    109. Converter
    110. Wind ×2
    111. Converter
    112. Wind
    113. Fusion ReactorFusionnot finished by 15:00
    114. Advanced Bot LabEat Advanced Bot Labreclaimed for its metal
    115. Wind ×4
    116. Converter ×2
    117. Wind ×7
    118. Converter ×2
    119. Wind ×5
    120. Converter
    121. Wind
    122. Converter
    123. Wind ×5
    124. Converter
    125. Wind ×2
    126. Converter
    127. Wind ×4
    128. Converter
    129. Wind ×3
    130. Converter
    131. Wind ×4
    132. Converter
    133. Wind
    134. Converter
    135. Wind ×5
    136. Converter
    137. Wind ×2
    138. Converter
    139. Wind ×5
    140. Converter
    141. Wind ×2
    142. Converter
    143. Wind ×4
    144. Converter
    145. Wind
    146. Converter
    147. Wind ×4

Counts are medians over the build's games: half of them build more, half fewer. The example game is BigRowan's (32 OS, 30/08/2026); pick another.

Team trades

IN AT LEAST 30% OF ITS GAMES

You hand over

  • Construction Bot1 Con bot to Airfirst at 2:24 · in 84% of games
  • Advanced Construction Bot5 T2 con bot to Air or Geo sea or Pondfirst at 4:50 · in 99% of games
  • Butler2 Butler to Geo sea or Beach sea or Pondfirst at 9:07 · in 42% of games

You get

  • Hercules1 Light transport from Airfirst at 4:01 · in 86% of games

How it plays out

Typical game of this build, running totals by minute

Metal produced

020k40k
0:005:0010:0015:00

metal

Enemy metal destroyed

050100
0:005:0010:0015:00

metal

Own metal lost

050100150
0:005:0010:0015:00

metal

1868 games.

Show as table
ByMetal produced: This buildEnemy metal destroyed: This buildOwn metal lost: This build
1:0038300
2:0091500
3:00165100
4:00314300
5:00484800
6:00580000
7:00722700
8:00906100
9:001116900
10:001350200
11:001623900
12:001965200
13:002344100
14:0027357074
15:003153885130
WHAT THE NUMBERS SAY

Standard Tech play barely fights at all early, instead pouring metal into T2 infrastructure and constructors for the team.

  • + Metal produced hits 31679 by 15:00, by far the highest of any role here.
  • + T2 factory reached in 97% of games by 4:15, fastest and most reliable T2 timing.
  • − Enemy metal destroyed stays at 0 through 10:00, no early offense at all.
  • − Own metal lost also near 0, showing total avoidance of combat risk.
THE EXAMPLE YOU ARE READING

BigRowan

32.4 OS · 30/08/2026

Open source match ↗

8 received units
2443 metal received · 72274 energy received

Allied construction assistance is unknown. Timings are observations, not a promise of solo reproducibility.

Typical milestones

Bot Lab1:18Middle 50%: 1:13–1:32 · n=1868
Advanced Bot Lab4:16Middle 50%: 4:04–4:30 · n=1861
Advanced Metal Extractor5:29Middle 50%: 5:06–5:59 · n=1864

Played most by

Amrissa93games of this buildTheGeneraI66games of this buildAdeus57games of this buildEl_Turco56games of this buildKOT_43games of this build